 Dungeon Crawl Stone Soup version 0.31.0-9-g3a7656b989 (webtiles) character file.

Game seed: 17917848338308917896

4851 sanka the Grappler (level 10, 0/102 HPs)
             Began as a Troll Monk on Jan 24, 2024.
             Was a Priest of Okawaru.
             Slain by Grum
             ... wielding a -2 spear
              (20 damage)
             ... on level 8 of the Dungeon.
             The game lasted 00:13:19 (7081 turns).

sanka the Grappler (Troll Monk)                     Turns: 7081, Time: 00:13:20

Health: 0/102      AC:  6    Str: 21    XL:     10   Next: 25%
Magic:  11/11      EV: 13    Int:  6    God:    Okawaru [***...]
Gold:   329        SH:  0    Dex: 16    Spells: 9/9 levels left

rFire   . .          .
                       - Unarmed
rCold   + . .        c - orb {light}
rNeg    . . .        a - +0 robe
rPois   .            (helmet restricted)
rElec   .            E - +1 cloak
rCorr   +            (gloves unavailable)
SInv    .            (boots unavailable)
Will    .....        (no amulet)
Stlth   +            u - ring of protection from cold
HPRegen 1.17/turn    x - ring of resist corrosion
MPRegen 0.12/turn

%: no passive effects
@: about to teleport, heroic, glowing
A: large, unfitting armour, claws 3, regeneration 1, shaggy fur 1, tough skin 1
a: Renounce Religion, Heroism


You were on level 8 of the Dungeon.
You worshipped Okawaru.
Okawaru was most pleased with you.
You visited 2 branches of the dungeon, and saw 9 of its levels.
You also visited: Sewer and Ossuary.

You collected 329 gold pieces.


Innate Abilities, Weirdness & Mutations

You are too large for most types of armour.
You have claws for hands.
Your natural rate of healing is unusually fast.
You are covered in fur. (AC +1)
You have tough skin. (AC +1)


   Skills:
 + Level 7.2(12.2) Fighting
 - Level 2.4(7.4) Dodging
 - Level 10.0(15.0) Unarmed Combat
 + Level 3.5 Invocations
 + Level 7.0 Shapeshifting


You had 9 spell levels left.
You didn't know any spells.
Your spell library contained the following spells:

 Spells                   Type           Power      Damage    Failure   Level
 Freeze                   Ice            0%         1d3       45%         1
 Blink                    Tloc           0%         N/A       58%         2
 Lesser Beckoning         Tloc           0%         N/A       58%         2
 Momentum Strike          Conj/Tloc      0%         3d8       58%         2
 Frozen Ramparts          Ice            0%         1d1       83%         3
 Hailstorm                Conj/Ice       0%         3d5       83%         3

Inventory:

Missiles
 d - 4 throwing nets {=f}
Armour
 a - a +0 robe (worn)
 c - an orb of light (worn)
 E - a +1 cloak (worn)
Jewellery
 u - a ring of protection from cold (left claw)
 x - a ring of resist corrosion (right claw)
 I - a ring of protection from cold
 L - a ring of positive energy
Talismans
 i - a serpent talisman
 J - a blade talisman
Wands
 p - a wand of charming (6)
 w - a wand of roots (7)
 y - a wand of flame (18)
 G - a wand of mindburst (15)
Scrolls
 e - 6 scrolls of teleportation {@r4}
 f - 4 scrolls of poison {!r}
 j - 2 scrolls of revelation {unknown}
 l - 4 scrolls of amnesia {unknown}
 n - 5 scrolls of identify {unknown}
 q - a scroll of fog {unknown}
 s - 3 scrolls of immolation {unknown}
 z - 2 scrolls of enchant armour {unknown}
 B - a scroll of enchant weapon {unknown}
 C - a scroll of summoning {unknown}
 D - 2 scrolls of blinking {unknown}
 F - a scroll of silence {unknown}
 K - a scroll of vulnerability {unknown}
 M - a scroll of noise {unknown}
 N - a scroll of fear {unknown}
Potions
 b - a potion of ambrosia
 g - a potion of enlightenment {unknown}
 h - 3 potions of attraction {unknown}
 k - 4 potions of heal wounds {unknown}
 m - a potion of degeneration {unknown}
 o - 2 potions of curing {@q1}
 r - a potion of lignification {unknown}
 t - 3 potions of might {unknown}
 v - 5 potions of haste {unknown}
 A - a potion of invisibility {unknown}
 H - a potion of cancellation {unknown}

Dungeon Overview and Level Annotations

Branches:
Dungeon (8/15)             Temple (1/1) D:7           Sewer (visited)
Ossuary (visited)
   Lair: D:8-11

Altars:
Ashenzari
Cheibriados
Dithmenos
Elyvilon
Fedhas
Gozag
Hepliaklqana
Kikubaaqudgha
Makhleb
Nemelex Xobeh
Okawaru
Qazlal
Ru
Trog
Uskayaw
Vehumet
Wu Jian
Xom
Yredelemnul
Zin
The Shining One

Shops:
D:3 (   D:4 [?=   D:7 (

Annotations:
D:8 Grum

▒▒▒▒▒▒▒ ▒▒▒▒▒▒▒
▒....h▒▒
▒▒▒.....▒▒▒▒
▒...KhT▒
▒▒...........
▒▒...h▒▒
▒............
▒▒▒.g▒▒
▒............
▒▒h)▒▒▒.......).>..
▒▒.h▒▒............
▒▒.h▒............
▒▒....>......$..
▒▒.............
▒▒............


You could see Grum, 4 wolves and a kobold.


Message History

The wolf bites you!
* * * LOW HITPOINT WARNING * * *
The wolf barely misses you.
Grum hits you from afar with a -2 spear!
* * * LOW HITPOINT WARNING * * *
The wolf bites you.
* * * LOW HITPOINT WARNING * * *
The wolf misses you.
You bump into the rock wall.
The wolf closely misses you. The wolf bites you.
* * * LOW HITPOINT WARNING * * *
Grum points his finger and snarls, "Attack!"
Grum closely misses you. The kobold hits you with a +0 dagger.
* * * LOW HITPOINT WARNING * * *
The wolf misses you.
You are too confused!
You feel less invigorated. The wolf bites you but does no damage.
The wolf bites you but does no damage. Grum closely misses you.
The wolf misses you.
Unknown command.
As you read the scroll of teleportation {@r4}, it crumbles to dust.
You feel strangely unstable. The wolf closely misses you.
The wolf closely misses you.
Grum hits you from afar with a -2 spear!!
You die...

Action                     |  1- 3 |  4- 6 |  7- 9 | 10-12 || total
---------------------------+-------+-------+-------+-------++-------
  Melee: Unarmed           |    92 |    78 |   358 |    51 ||   579
 Invoke: Heroism           |       |       |       |     2 ||     2
    Use: Potion            |       |       |       |     4 ||     4
         Scroll            |       |       |       |     3 ||     3
 Armour: Robe              |    49 |    39 |   194 |    71 ||   353
  Dodge: Dodged            |    51 |    28 |   130 |    51 ||   260

Levels and vault maps discovered:
D:1:      dpeg_arrival_concentric_ovals, layout_basic
D:2:      layout_basic, hellmonk_ecumenical_altar_inner_sanctum, uniq_jessica
D:3:      layout_basic, serial_shops, shop, uniq_natasha
D:4:      layout_cave_pools, minitemple, nicolae_shop_distant_corner_stores,
          sigmund_edmund_badplayer
D:5:      layout_loops_ring, serial_co_window_serial,
          co_window_of_opportunity_a, co_window_corner_a, co_window_corner_a,
          co_window_of_opportunity_a, co_window_paths_a, co_window_paths_a,
          co_window_of_opportunity_a, co_window_broadway_a,
          co_window_of_opportunity_c, co_window_broadway_b,
          co_window_of_opportunity_b, co_window_broadway_c, co_window_paths_e,
          co_window_paths_d, glass_columns_a, glass_columns_b, glass_columns_b,
          glass_columns_b, glass_columns_b, lightli_minifort, uniq_blork_the_orc
D:6:      layout_basic, serial_curves, eino_curves_02, eino_curves_04,
          cheibrodos_sewer_entry_bend, uniq_sigmund
D:7:      layout_loops_ring, minmay_temple_entry_arrows, serial_shops,
          nicolae_shop_bloodbath_and_beyond,
          nicolae_ossuary_entry_false_entrances, kennysheep_dice
D:8:      layout_cave_pods, uniq_grum
Temple:   nicolae_temple_bog_church

Notes
Turn   | Place    | Note
-------+----------+-------------------------------------------
     0 | D:1      | sanka the Troll Monk began the quest for the Orb.
     0 | D:1      | Reached XP level 1. HP: 22/22 MP: 0/0
   316 | D:1      | Reached XP level 2. HP: 29/29 MP: 1/1
   428 | D:1      | Reached skill level 3 in Fighting
   428 | D:1      | Reached XP level 3. HP: 37/37 MP: 2/2
   902 | D:2      | Reached skill level 4 in Unarmed Combat
   976 | D:2      | Reached XP level 4. HP: 37/45 MP: 3/3
  1180 | D:2      | Reached skill level 5 in Unarmed Combat
  1317 | D:2      | Noticed Jessica
  1321 | D:2      | Killed Jessica
  1322 | D:2      | Reached XP level 5. HP: 53/53 MP: 4/4
  1452 | D:2      | Found a faded altar of an unknown god.
  1846 | D:3      | Found Fuez's Antique Weapon Boutique.
  1885 | D:3      | Noticed Natasha
  1890 | D:3      | Killed Natasha
  2149 | D:4      | Found a hazy altar of Hepliaklqana.
  2151 | D:4      | Found a sparkling altar of Nemelex Xobeh.
  2156 | D:4      | Reached skill level 6 in Unarmed Combat
  2176 | D:4      | Reached XP level 6. HP: 52/61 MP: 5/5
  2205 | D:4      | Found Lyqierph's Magic Scroll Boutique.
  2206 | D:4      | Found Hyocem's Jewellery Boutique.
  2207 | D:4      | Found Zagel's Armour Boutique.
  2243 | D:3      | Noticed Natasha
  2250 | D:3      | Killed Natasha
  2268 | D:3      | Noticed Natasha
  2274 | D:3      | Killed Natasha
  2371 | D:4      | Reached skill level 7 in Unarmed Combat
  2453 | D:6      | Noticed a water moccasin
  2460 | D:6      | Killed a water moccasin
  2461 | D:6      | Reached XP level 7. HP: 42/67 MP: 6/6
  2572 | D:6      | Found a glowing drain.
  2585 | Sewer    | Entered a sewer
  2614 | Sewer    | Reached skill level 8 in Unarmed Combat
  3023 | D:6      | Reached skill level 9 in Unarmed Combat
  3081 | D:6      | Reached XP level 8. HP: 63/75 MP: 7/7
  3104 | D:5      | Entered Level 5 of the Dungeon
  3121 | D:4      | Reached skill level 10 in Unarmed Combat
  3197 | D:4      | Reached skill level 1 in Shapeshifting
  3367 | D:4      | Reached skill level 2 in Shapeshifting
  3479 | D:4      | Noticed Edmund
  3492 | D:4      | Killed Edmund
  3493 | D:4      | Reached skill level 4 in Fighting
  3536 | D:4      | Noticed Sigmund
  3552 | D:4      | Killed Sigmund
  3553 | D:4      | Reached skill level 3 in Shapeshifting
  3869 | D:5      | Reached skill level 4 in Shapeshifting
  3898 | D:5      | Reached skill level 5 in Fighting
  3898 | D:5      | Reached XP level 9. HP: 84/88 MP: 8/8
  4720 | D:5      | Noticed Blork the orc
  4725 | D:5      | Killed Blork the orc
  5121 | D:6      | Reached skill level 5 in Shapeshifting
  5314 | D:6      | Reached skill level 6 in Fighting
  5797 | D:7      | Found a staircase to the Ecumenical Temple.
  5807 | Temple   | Entered the Ecumenical Temple
  5836 | Temple   | Became a worshipper of Warmaster Okawaru
  5836 | Temple   | Reached * piety under Okawaru
  5836 | Temple   | Reached ** piety under Okawaru
  5887 | D:7      | Reached skill level 1 in Invocations
  5887 | D:7      | Reached skill level 6 in Shapeshifting
  5994 | D:7      | Reached skill level 2 in Invocations
  6078 | D:7      | Found a sand-covered staircase.
  6085 | Ossuary  | Entered an ossuary
  6350 | Ossuary  | Noticed Menkaure
  6357 | Ossuary  | Killed Menkaure
  6494 | D:7      | Reached XP level 10. HP: 72/100 MP: 10/10
  6637 | D:7      | Noticed a two-headed ogre
  6647 | D:7      | Killed a two-headed ogre
  6648 | D:7      | Reached skill level 7 in Fighting
  6648 | D:7      | Reached skill level 3 in Invocations
  6751 | D:7      | Found Ytum Big's Weapon Boutique.
  6763 | D:7      | Reached *** piety under Okawaru
  7055 | D:8      | Noticed Grum
  7071 | D:8      | Reached skill level 7 in Shapeshifting
  7072 | D:8      | HP: 7/102 [wolf[Grum] (9)]
  7079 | D:8      | HP: 9/102 [wolf[Grum] (6)]
  7081 | D:8      | Slain by Grum

Vanquished Creatures
  A two-headed ogre (D:7)
  Sigmund (D:4)
  A steam dragon (D:7)
  Edmund (D:4)
  Menkaure (Ossuary)
  4 water moccasins
  2 orc warriors (D:7)
  5 ice beasts
  2 black bears (D:6)
  2 ogres
  A centaur (D:7)
  2 phantoms
  Blork the orc (D:5)
  A kobold brigand (D:8)
  2 brain worms (Sewer)
  2 bullfrogs
  3 scorpions
  2 gnoll sergeants
  3 howler monkeys (D:7)
  3 jellies
  A bombardier beetle (D:5)
  3 hounds
  4 orc priests (D:6)
  Jessica (D:2)
  3 iguanas
  Natasha (thrice) (D:3)
  6 orc wizards
  3 mummies (Ossuary)
  27 gnolls
  9 adders
  3 river rats (Sewer)
  A white imp (D:7)
  4 ufetubi
  A dart slug (D:1)
  3 ribbon worms
  14 orcs
  8 ball pythons
  7 endoplasms
  5 giant cockroaches
  6 goblins
  15 hobgoblins
  10 jackals
  4 quokkas
  4 bats
  7 frilled lizards
  4 gnoll skeletons (Ossuary)
  2 gnoll zombies (Ossuary)
  3 goblin skeletons (Ossuary)
  4 goblin zombies (Ossuary)
  8 hobgoblin skeletons (Ossuary)
  2 hobgoblin zombies (Ossuary)
  12 kobolds
  A kobold skeleton (Ossuary)
  4 kobold zombies (Ossuary)
  4 orc skeletons (Ossuary)
  6 orc zombies (Ossuary)
  7 rats
  5 rat skeletons (Ossuary)
  7 rat zombies (Ossuary)
261 creatures vanquished.
